AoeStats
← The_Economist

Hideout

509996751Analyzed
1v1 RM · 1d ago on Sep 29, 2026· 44m 56s· 2 players
Game mode
Random Map
Map size
Tiny (2 player)
Population
200
Speed
Normal
Resources
Standard
Victory
Conquest
Starting age
Dark Age
Ending age
Imperial Age
RankedLock teamsTeams togetherTeam positionsShared explorationLock speedFull tech treeHidden civsTurbo modeCheats
Victory
Defeat
🇺🇸 Danes · United States
1400
+15
🇺🇸 Malians · United States
1389
-15
The_Economist
9:32 Feudal Age
10:26 Double-Bit Axe
13:33 Loom
15:13 Fletching
15:45 Padded Archer Armor
19:26 Town Watch
22:35 Castle Age
21:36 Horse Collar
21:49 Gold Mining
23:31 Bow Saw
23:58 Gold Shaft Mining
24:07 Bodkin Arrow
24:36 Crossbowman
28:04 Ballistics
29:29 Stone Mining
38:18 Imperial Age
38:20 Bloodlines
38:54 Scale Barding Armor
38:26 Cavalier
39:38 Husbandry
40:04 Chain Barding Armor
40:52 Wheelbarrow
41:01 Heavy Plow
41:36 Husbandry
42:07 Forging
42:39 Plate Barding Armor
42:23 Forging
43:15 Masonry
Les Boyageur
5:51 Loom
5:54 Loom
9:00 Feudal Age
9:03 Man-at-Arms
10:43 Arson
12:17 Fletching
21:19 Castle Age
19:45 Scale Mail Armor
19:38 Double-Bit Axe
19:56 Horse Collar
20:41 Forging
20:50 Gold Mining
21:41 Town Watch
22:32 Wheelbarrow
22:35 Bow Saw
22:41 Squires
22:26 Gambesons
23:00 Chain Mail Armor
25:33 Iron Casting
30:06 Hand Cart
31:48 Heavy Plow
34:38 Town Patrol
38:29 Imperial Age
37:13 Bodkin Arrow
37:23 Padded Archer Armor
36:59 Pikeman
39:23 Iron Casting
40:42 Plate Mail Armor
39:38 Elite Varangian Guard
40:30 Siege Engineers
40:15 Halberdier
43:01 Conscription
43:20 Bracer
43:45 Hamask
Connection lost

Rejoining the realm…

Still unreachable

The connection could not be restored.

Session expired

The server has moved on; the page needs a fresh start.